 Dungeon Crawl Stone Soup version 0.31-a0-833-gc15d34cb79 (webtiles) character file.

Game seed: 147486019946833155

567 Kurtz the Chopper (level 7, -7/46 HPs)
             Began as an Octopode Fighter on Sept 25, 2023.
             Mangled by Duvessa
             ... wielding a +0 rapier
              (15 damage)
             ... on level 4 of the Dungeon.
             The game lasted 00:02:42 (3093 turns).

Kurtz the Chopper (Octopode Fighter)                Turns: 3093, Time: 00:02:43

Health: -7/46      AC:  1    Str: 15    XL:     7   Next: 33%
Magic:  7/7        EV: 13    Int: 10    God:
Gold:   156        SH:  5    Dex: 14    Spells: 6/6 levels left

rFire   . . .        i - +1 hand axe (elec)
rCold   . . .        b - +0 buckler
rNeg    . . .        (helmet restricted)
rPois   +            (no amulet)
rElec   .            s - ring of poison resistance
rCorr   .            (no ring)
SInv    .            (no ring)
Will    .....        (no ring)
Stlth   ++           (no ring)
HPRegen 0.27/turn    (no ring)
MPRegen 0.10/turn    (no ring)
                     (no ring)

%: no passive effects
@: no status effects
A: almost no armour, amphibious, 8 rings, camouflage 1, gelatinous body 1,
(nimble swimmer 1), tentacles
a: no special abilities


You were on level 4 of the Dungeon.
You visited 1 branch of the dungeon, and saw 4 of its levels.
You also visited: Sewer.

You collected 156 gold pieces.

Inventory:

Hand Weapons
 a - a +0 war axe
 i - a +1 hand axe of electrocution (weapon)
Missiles
 m - 5 boomerangs
Armour
 b - a +0 buckler (worn)
Jewellery
 s - a ring of poison resistance (left tentacle)
 u - a ring of ice
Scrolls
 d - a scroll of enchant weapon {unknown}
 e - a scroll of acquirement {unknown}
 f - a scroll of vulnerability {unknown}
 g - 4 scrolls of identify {unknown}
 l - 2 scrolls of summoning {unknown}
 n - a scroll of teleportation {unknown}
 o - a scroll of torment {unknown}
 p - a scroll of blinking
 q - a scroll of fog {unknown}
 r - a scroll of enchant armour {unknown}
Potions
 c - a potion of might
 h - a potion of heal wounds {unknown}
 j - a potion of invisibility {unknown}
 k - 2 potions of attraction {unknown}
 t - a potion of resistance {unknown}
 v - a potion of berserk rage {unknown}


   Skills:
 - Level 3.0 Fighting
 * Level 7.9 Axes
 - Level 3.0 Dodging
 - Level 3.0 Shields


You had 6 spell levels left.
You didn't know any spells.
Your spell library contained the following spells:

 Spells                   Type           Power      Damage    Failure   Level
 Manifold Assault         Tloc           0%         N/A       99%         4
 Dispersal                Tloc           0%         N/A       100%        6
 Disjunction              Tloc           0%         N/A       100%        8


Dungeon Overview and Level Annotations

Branches:
Dungeon (4/15)              Sewer (visited)
 Temple: D:4-7

Altars:
Dithmenos

Annotations:
D:1 2 transporters
D:2 1 runed translucent door, Crazy Yiuf
D:3 1 runed translucent door, Age's ghost, amateur MiFi
D:4 Duvessa


Innate Abilities, Weirdness & Mutations

You cannot wear most types of armour.
You are amphibious.
You can wear up to eight rings at the same time.
Your skin changes colour to match your surroundings (Stealth+).
Your rubbery body absorbs attacks. (AC +1, EV +1)
((You are camouflaged when in or above water. (Stealth+)))
You have tentacles for arms and can constrict up to eight enemies at once.


Message History

There are monsters nearby!
Found 10 gold pieces.
Dowan casts a spell.
Dowan blinks!
There are monsters nearby!
You hit Dowan but do no damage. You grab Dowan.
You hit Duvessa but do no damage. You constrict Dowan.
Duvessa hits you with a +0 rapier. Dowan hits you with a +0 dagger.
Unknown command.
Unknown command.
You closely miss Duvessa. You grab Duvessa. You hit Dowan.
You constrict Duvessa, but do no damage.
You constrict Dowan. Duvessa closely misses you. You block Dowan's attack.
Unknown command.
You hit Duvessa.
Duvessa is lightly wounded.
You hit Dowan. Lightning courses through Dowan!
You constrict Duvessa, but do no damage.
You constrict Dowan. Duvessa hits you with a +0 rapier!
You block Dowan's attack.
Unknown command.
You hit Duvessa.
Duvessa is moderately wounded.
You barely miss Dowan. You constrict Duvessa. You constrict Dowan.
You kill Dowan!
Duvessa weeps, and shakes her weapon.
Duvessa goes berserk!
Duvessa barely misses you.
Unknown command.
You hit Duvessa but do no damage. You squeeze Duvessa, but do no damage.
Duvessa is moderately wounded.
You constrict Duvessa. Duvessa hits you with a +0 rapier!!
* * * LOW HITPOINT WARNING * * *
Duvessa barely misses you.
Unknown command.
Okay, then.
Okay, then.
You hit Duvessa. You squeeze Duvessa.
Duvessa is heavily wounded.
You constrict Duvessa. Duvessa hits you with a +0 rapier!
You die...

#.................
..........##......
......#...........
..........###....#
.##........##....#
##.......#.....#
#.#.......$.###
#.##..)........
#......@....#.#
.......e....#
.............#
...#........##
..............
...............
....$......###.
..#........#


You could see Duvessa (berserk).

Vanquished Creatures
  Sigmund (D:2)
  2 bullfrogs (Sewer)
  Dowan (D:4)
  2 hounds (D:3)
  A gnoll (D:3)
  A river rat (D:3)
  4 adders
  A worm (D:3)
  A dart slug (D:1)
  4 orcs
  6 ball pythons (Sewer)
  7 bats
  18 endoplasms
  11 giant cockroaches
  6 goblins
  2 hobgoblins
  4 jackals (D:1)
  10 quokkas
  12 frilled lizards
  3 kobolds (D:1)
  3 rats
100 creatures vanquished.

Notes
Turn   | Place    | Note
-------+----------+-------------------------------------------
     0 | D:1      | Kurtz the Octopode Fighter began the quest for the Orb.
     0 | D:1      | Reached XP level 1. HP: 16/16 MP: 1/1
    89 | D:1      | Reached XP level 2. HP: 21/21 MP: 2/2
   155 | D:1      | Reached skill level 3 in Axes
   238 | D:1      | Reached XP level 3. HP: 26/26 MP: 3/3
   582 | D:2      | Found a faded altar of an unknown god.
  1112 | D:2      | Noticed Sigmund
  1116 | D:2      | Killed Sigmund
  1117 | D:2      | Reached skill level 5 in Axes
  1117 | D:2      | Reached XP level 4. HP: 27/31 MP: 4/4
  1117 | D:2      | Reached XP level 5. HP: 32/36 MP: 5/5
  1399 | D:2      | Found a runed translucent door.
  1400 | D:2      | Noticed Crazy Yiuf
  1564 | D:3      | Found a runed translucent door.
  1564 | D:3      | Noticed Age's ghost (amateur MiFi)
  1575 | D:3      | Found a shadowy altar of Dithmenos.
  1582 | D:3      | Reached skill level 6 in Axes
  1604 | D:3      | Reached XP level 6. HP: 42/42 MP: 6/6
  1812 | D:3      | Found a glowing drain.
  1816 | Sewer    | Entered a sewer
  2015 | Sewer    | Reached skill level 7 in Axes
  2015 | Sewer    | Reached XP level 7. HP: 20/46 MP: 7/7
  3083 | D:4      | Noticed Dowan
  3084 | D:4      | Noticed Duvessa
  3091 | D:4      | Killed Dowan
  3093 | D:4      | Mangled by Duvessa

Illustrated notes

Levels and vault maps discovered:
D:1:      spicycebolla_arrival_transporter_tutorial, layout_rooms, moated_statue
D:2:      layout_loops_corners, serial_rivers, chequers_serial_rivers_large_b,
          chequers_serial_rivers_marsh, chequers_serial_rivers_micro_a,
          chequers_serial_rivers_small_3, chequers_serial_rivers_room_a,
          shapermc_ecumenical_altar_venn, uniq_crazy_yiuf_cottage, uniq_sigmund
D:3:      layout_loops_corners, mainiacjoe_overflow_paths,
          gammafunk_ghost_grave, gup_sewer_entry_spiral, cheibrodos_gnoll_hut
D:4:      layout_cave_pools, nicolae_figureground_sparkle, uniq_duvessa

Skill      XL: |  1  2  3  4  5  6 |
---------------+-------------------+-----
Axes           | 3 5 6 7 |  7.9
Fighting       | |  3.0
Dodging        | |  3.0
Shields        | |  3.0

Action                     |  1- 3 |  4- 6 |  7- 9 || total
---------------------------+-------+-------+-------++-------
  Melee: War axe           |    47 |       |       ||    47
         Constrict         |     8 |    20 |     6 ||    34
         Tentacles         |    12 |    17 |     5 ||    34
         Hand axe          |     6 |    77 |    24 ||   107
         Punch             |       |     1 |       ||     1
   Stab: Sleeping          |     7 |    16 |     2 ||    25
 Armour: Skin              |    14 |    17 |    10 ||    41
  Dodge: Dodged            |    30 |    24 |     9 ||    63
  Block: Buckler           |    10 |    16 |     5 ||    31

Table legend: (Time is in decaauts)
 A = Elapsed time spent in this place.
 B = Non-inter-level travel time spent in this place.
 C = Inter-level travel time spent in this place.
 D = Time resting spent in this place.
 E = Time spent auto-exploring this place.
 F = Levels seen in this place.
 G = Mean time per level.
                   A        B        C        D        E       F      G
               +--------+--------+--------+--------+--------+-----+--------+
         Total |   3111 |   2943 |    168 |    119 |   2140 |   5 |  622.2 |
       Dungeon |   2695 |   2527 |    168 |     38 |   1954 |   4 |  673.8 |
         Sewer |    416 |    416 |      0 |     81 |    186 |   1 |  416.0 |
               +--------+--------+--------+--------+--------+-----+--------+

Top non-repeatable levels by time:
     D:2: 1056 daAuts
     D:3: 1049 daAuts
     D:1: 490 daAuts
   Sewer: 416 daAuts
     D:4: 98 daAuts
